 Dungeon Crawl Stone Soup version 0.31-a0-75-g6fe912e8c5 (webtiles) character file.

Game seed: 6408694185210022702

42 senseless the Ruffian (level 3, 0/35 HPs)
             Began as an Ogre Transmuter on May 23, 2023.
             Slain by a gnoll
             ... wielding a +0 flail
              (11 damage)
             ... on level 2 of the Dungeon.
             The game lasted 00:02:26 (1734 turns).

senseless the Ruffian (Ogre Transmuter)             Turns: 1734, Time: 00:02:27

Health: 0/35       AC:  4    Str: 16    XL:     3   Next: 56%
Magic:  6/7        EV: 10    Int: 14    God:
Gold:   90         SH:  0    Dex:  9    Spells: 4/7 levels left

rFire   . .          .
                       - Unarmed
rCold   . . .        (no shield)
rNeg    . . .        a - +0 robe
rPois   .            (helmet currently unavailable)
rElec   .            h - +0 cloak
rCorr   .            (gloves unavailable)
SInv    .            (boots unavailable)
Will    +....        (no amulet)
Stlth   +            f - ring of willpower
HPRegen 0.25/turn    (no ring)
MPRegen 0.10/turn

%: no passive effects
@: appendages
A: horns 2, talons 2, large, unfitting armour, tough skin 1
a: End Transformation


You were on level 2 of the Dungeon.
You had temporarily grown beastly horns and talons.
You visited 1 branch of the dungeon, and saw 2 of its levels.

You collected 90 gold pieces.

Inventory:

Armour
 a - a +0 robe (worn)
 h - a +0 cloak (worn)
Jewellery
 f - a ring of willpower (left hand)
Scrolls
 c - a scroll of silence {unknown}
 d - 2 scrolls of identify {unknown}
 e - a scroll of noise {unknown}
 g - a scroll of teleportation {unknown}
 i - a scroll of amnesia {unknown}
Potions
 b - a potion of lignification
 j - a potion of heal wounds {unknown}


   Skills:
 + Level 2.2 Fighting
 + Level 2.2 Dodging
 + Level 3.0 Unarmed Combat
 + Level 2.9 Spellcasting
 + Level 2.2 Transmutations


You had 4 spell levels left.
You knew the following spells:

 Your Spells              Type           Power      Damage    Failure   Level
a - Beastly Appendage     Tmut           16%        N/A       9%          1
b - Wereblood             Tmut           8%         N/A       13%         2

Your spell library contained the following spells:

 Spells                   Type           Power      Damage    Failure   Level
 Slow                     Hex            8%         N/A       22%         1
 Spider Form              Tmut/Pois      4%         N/A       43%         3
 Confusing Touch          Hex            2%         N/A       54%         3
 Ozocubu's Armour         Ice            2%         N/A       54%         3
 Vampiric Draining        Necr           2%         2d6       54%         3
 Dazzling Flash           Conj/Hex       2%         N/A       58%         3
 Volatile Blastmotes      Fire/Tloc      2%         2d10      58%         3
 Ice Form                 Ice/Tmut       4%         N/A       85%         4
 Iskenderun's Mystic Bla  Conj/Tloc      1%         2d3       94%         4
 Metabolic Englaciation   Hex/Ice        0%         N/A       100%        5
 Simulacrum               Ice/Necr       0%         N/A       100%        6
 Starburst                Conj/Fire      0%         6d3       100%        6


Dungeon Overview and Level Annotations

Branches:
Dungeon (2/15)

Altars:


Innate Abilities, Weirdness & Mutations

You have temporarily grown beastly horns and talons.
You are too large for most types of armour.
You have tough skin. (AC +1)


Message History

You hit the gnoll but do no damage. Your headbutt misses the gnoll.
The gnoll is moderately wounded.
You hit the gnoll but do no damage. You headbutt the gnoll.
The gnoll is heavily wounded.
The gnoll closely misses you.
You closely miss the gnoll. You claw the gnoll.
The gnoll is almost dead.
The gnoll barely misses you.
You hit the gnoll.
You kill the gnoll!
Your horns disappear.
Your talons disappear.
Your Unarmed Combat skill increases to level 3!
You barely miss the gnoll. The gnoll barely misses you.
You hit the gnoll.
The gnoll is lightly wounded.
The gnoll hits you but does no damage.
You hit the gnoll but do no damage.
The gnoll is lightly wounded.
The gnoll hits you with a +0 flail.
You hit the gnoll.
The gnoll is moderately wounded.
The gnoll barely misses you.
You hit the gnoll.
The gnoll is moderately wounded.
The gnoll closely misses you.
You are too injured to fight recklessly!
Sorry, you're not good enough to have a special ability.
Okay, then.
Casting: Beastly Appendage (safe; 9% risk of failure)
Confirm with . or Enter, or press ? or * to list all spells.
You grow a pair of large bovine horns.
Your feet morph into talons.
The gnoll hits you with a +0 flail.
* * * LOW HITPOINT WARNING * * *
You hit the gnoll but do no damage. Your kick misses the gnoll.
The gnoll is moderately wounded.
The gnoll hits you but does no damage.
You hit the gnoll.
The gnoll is heavily wounded.
The gnoll hits you with a +0 flail!
You die...

#.# #.##.....##.#...#...#.#.
#.#######........##.#########.#.
#.........##.....##...........#.
#########.#########.#########.##
# ######.# #. #.#...#...#.#.
#####......# #. #.#.#.#.#.#.#.
......####)# #. #.#.#.#.#.#.#.
####### #.# #.#####.###.#.###.##
# #.# #.g@........#....... # ###
#.#########.#.###### # #.# #.
#...#.#.....# # #.# #.
#.#.#.#.###.# # #.# #.
#.#.#.#...#.# # #.# #.
#.###.#####.# # #.# ..
#...........# # #.# ##
############# # #.#


You could see a gnoll.

Vanquished Creatures
  2 gnolls (D:2)
  3 bats
  4 endoplasms (D:1)
  A giant cockroach (D:1)
  3 goblins
  2 kobolds
  A quokka (D:1)
  A ball python (D:1)
  A frilled lizard (D:2)
  3 rats
21 creatures vanquished.

Notes
Turn   | Place    | Note
-------+----------+-------------------------------------------
     0 | D:1      | senseless the Ogre Transmuter began the quest for the Orb.
     0 | D:1      | Reached XP level 1. HP: 19/19 MP: 3/3
   268 | D:1      | Reached XP level 2. HP: 25/28 MP: 3/5
   481 | D:1      | Learned a level 2 spell: Wereblood
  1723 | D:2      | Reached XP level 3. HP: 19/35 MP: 5/7
  1727 | D:2      | Reached skill level 3 in Unarmed Combat
  1734 | D:2      | Slain by a gnoll

Illustrated notes

Levels and vault maps discovered:
D:1:      dpeg_arrival_water_fire, layout_loops_ring
D:2:      mumra_celtic_spiral_tile, layout_loops_ring, roderic_roman_lattice

Skill      XL: |  1  2  3 |
---------------+----------+-----
Dodging        | 2 |  2.2
Transmutations | 2 |  2.2
Fighting       | 2 |  2.2
Unarmed Combat | 3 |  3.0
Spellcasting   | |  2.9

Action                     || total
---------------------------++-------
  Melee: Unarmed           ||    66
         Kick              ||    14
         Headbutt          ||     9
         Punch             ||     1
   Cast: Beastly Appendage ||    20
         Wereblood         ||     1
 Armour: Robe              ||    27
  Dodge: Dodged            ||    22

Table legend: (Time is in decaauts)
 A = Elapsed time spent in this place.
 B = Non-inter-level travel time spent in this place.
 C = Inter-level travel time spent in this place.
 D = Time resting spent in this place.
 E = Time spent auto-exploring this place.
 F = Levels seen in this place.
 G = Mean time per level.
                   A        B        C        D        E       F      G
               +--------+--------+--------+--------+--------+-----+--------+
         Total |   1730 |   1634 |     96 |      0 |   1454 |   2 |  865.0 |
       Dungeon |   1730 |   1634 |     96 |      0 |   1454 |   2 |  865.0 |
               +--------+--------+--------+--------+--------+-----+--------+

Top non-repeatable levels by time:
     D:1: 933 daAuts
     D:2: 797 daAuts
